 Dungeon Crawl Stone Soup version 0.17-a0-1850-g688e747 (webtiles) character file.

53 mcbry74 the Magician (level 3, -7/19 HPs)
             Began as a Deep Elf Wizard on Sept 18, 2015.
             Killed from afar by Natasha (8 damage)
             ... with a magic dart
             ... on level 2 of the Dungeon.
             The game lasted 00:25:45 (2665 turns).

mcbry74 the Magician (Deep Elf Wizard)              Turns: 2665, Time: 00:25:45

Health: -7/19      AC:  2    Str:  4    XL:     3   Next: 62%
Magic:  0/12       EV: 13    Int: 23    God:
Gold:   59         SH:  0    Dex: 13    Spells: 4 memorised, 5 levels left

rFire  . . .     SeeInvis .     h - +0 dagger
rCold  . . .     Clarity  .     a - +0 robe
rNeg   . . .     SustAt   .     (no shield)
rPois  .         Gourm    .     b - +0 hat
rElec  .         Spirit   .     (no cloak)
rCorr  .         Warding  .     (no gloves)
rMut   .         Stasis   .     (no boots)
MR     .....                    (no amulet)
Stlth  ++........               (no ring)
                                (no ring)

@: very slightly contaminated, not resistant to hostile enchantments, unstealthy
A: no striking features
a: no special abilities


You were on level 2 of the Dungeon.
You were not hungry.

You visited 1 branch of the dungeon, and saw 2 of its levels.

You collected 59 gold pieces.

Inventory:

Hand weapons
 h - a +0 dagger (weapon)
Armour
 a - a +0 robe (worn)
 b - a +0 hat (worn)
Scrolls
 e - a scroll of magic mapping {unknown}
 j - a scroll of random uselessness {unknown}
 k - a scroll of teleportation {unknown}
 l - a scroll of recharging {unknown}
 n - a scroll of identify {unknown}
 o - a scroll of enchant armour {unknown}
 p - a scroll of remove curse {unknown}
 r - 3 scrolls of enchant weapon {unknown}
Potions
 g - a potion of flight {unknown}
 q - a potion of magic {unknown}
Books
 c - a book of Minor Magic

   Spells                             Type                      Level
   a - Magic Dart                     Conjuration                  1
   b - Blink                          Translocation                2
   c - Call Imp                       Summoning                    2
   d - Repel Missiles                 Charms/Air                   2
   e - Slow                           Hexes                        2
   f - Conjure Flame                  Conjuration/Fire             3
   g - Mephitic Cloud                 Conjuration/Poison/Air       3
Comestibles
 d - a bread ration
 f - 2 meat rations
 i - a chunk of flesh
 m - 3 fruits


   Skills:
 + Level 0.2 Short Blades
 + Level 2.7 Dodging
 + Level 2.8 Stealth
 + Level 5.6 Spellcasting
 + Level 1.4 Conjurations
 + Level 1.8 Summonings
 + Level 1.1 Translocations


You had 5 spell levels left.
You knew the following spells:

 Your Spells              Type           Power        Failure   Level  Hunger
a - Magic Dart            Conj           ##..         6%          1    None
b - Call Imp              Summ           ##......     10%         2    None
c - Blink                 Tloc           N/A          10%         2    None
d - Mephitic Cloud        Conj/Pois/Air  #.......     24%         3    ##.....


Dungeon Overview and Level Annotations

Branches:
Dungeon (2/15)

Altars:
Nemelex Xobeh

Annotations:
D:2 Natasha


Message History

You hit Natasha but do no damage.
Natasha is severely wounded.
Natasha barely misses you.
Your crimson imp hits Natasha.
You barely miss Natasha.
Natasha is severely wounded.
Natasha claws you!
* * * LOW HITPOINT WARNING * * *
Your crimson imp hits Natasha.
Casting: Magic Dart
Confirm with . or Enter, or press ? or * to list all spells.
Okay, then.
Drink which item? (? for menu, Esc to quit)
Okay, then.
Casting: Magic Dart
Confirm with . or Enter, or press ? or * to list all spells.
You don't have enough magic to cast that spell.
Unknown command.
Natasha stares at you and mumbles some strange words.
The magic dart hits you!
You die...

......#######.######.#
.........># #.##.....#
...####.#####.##.#####
..............##.#
........#####....#
....)...# #.####
..####### #.# ###
#.##### #..ยง@.#
#####h# #5# #5# #.#
#.# #.# #.# #.#


You could see Natasha and 2 friendly crimson imps.

Vanquished Creatures
  A worm (D:2)
  A giant gecko (D:1)
  A giant cockroach (D:1)
  4 goblins (D:1)
  3 hobgoblins
  4 bats
  3 giant newts
  2 kobolds (D:2)
  A rat (D:1)
20 creatures vanquished.

Vanquished Creatures (collateral kills)
  2 adders (D:2)
  A giant gecko (D:1)
  2 hobgoblins (D:1)
  A ball python (D:1)
  4 bats (D:1)
  6 goblins
  3 kobolds
  3 rats (D:1)
22 creatures vanquished.

Vanquished Creatures (others)
  A rat (D:1)
1 creature vanquished.

Grand Total: 43 creatures vanquished

Notes
Turn   | Place    | Note
--------------------------------------------------------------
     0 | D:1      | mcbry74 the Deep Elf Wizard began the quest for the Orb.
     0 | D:1      | Reached XP level 1. HP: 10/10 MP: 7/7
   194 | D:1      | Found a sparkling altar of Nemelex Xobeh.
   206 | D:1      | Reached skill level 5 in Spellcasting
   249 | D:1      | Reached XP level 2. HP: 15/15 MP: 8/10
   253 | D:1      | Learned a level 2 spell: Call Imp
   256 | D:1      | Learned a level 2 spell: Blink
  1887 | D:1      | Reached XP level 3. HP: 19/19 MP: 8/11
  2630 | D:2      | Noticed Natasha
  2637 | D:2      | Learned a level 3 spell: Mephitic Cloud
  2665 | D:2      | Killed from afar by Natasha

Vault maps used:
D:1:      dpeg_arrival_round_a, serial_forest, infiniplex_forest_clump_cross,
          infiniplex_forest_clump_curved, infiniplex_forest_clump_small,
          infiniplex_forest_clump_small, infiniplex_forest_lined_2,
          infiniplex_forest_clump_double, nemelex_deck
D:2:      uniq_natasha

Action                   || total
-------------------------++-------
Melee: Club              ||     4
       Dagger            ||    83
 Cast: Magic Dart        ||    48
       Call Imp          ||    25
  Eat: Fruit             ||     1
       Beef jerky        ||     1
       Chunk             ||     3
